Map: Ruins of Endion

Players

capac - Winner!

  • Race: Terran Terran
  • League: Gold

A.I. 1 (Elite)

  • Race: Zerg Zerg

VOD

Have the link to the VOD?

Description

Time

  • Played on: May 2, 2016, 3:20 p.m.
  • Length: 17:41
Show
View Real Time Build Order
Export as new Build Order

capac Terran - Winner!

Build Orders: Reaper Expand, Bio Tank 

Get SALT Encoding   

  12  0:02  SCV  
  13  0:14  SCV  
  13  0:20  Supply Depot  
  14  0:27  SCV  
  15  0:41  SCV  
  16  0:44  Barracks  
  16  0:49  Refinery  
  16  0:53  SCV  
  17  1:05  SCV  
  18  1:17  SCV  
  19  1:31  Orbital Command  
  19  1:33  Reaper  
  20  1:43  Command Center  
  20  2:04  Supply Depot, SCV  
  20  2:05  Marine  
  22  2:17  Factory  
  22  2:22  Barracks  
  22  2:23  Refinery  
  22  2:29  SCV  
  23  2:31  Barracks Reactor  
  23  2:41  SCV  
  24  2:53  SCV  
  24  2:56  Orbital Command  
  25  3:04  Factory Tech Lab  
  25  3:05  Starport  
  25  3:07  SCV  
  25  3:08  Marine x2  
  25  3:12  Barracks Tech Lab  
  28  3:19  SCV  
  29  3:26  Marine x2  
  31  3:30  Siege Tank  
  31  3:33  Marine  
  35  3:37  SCV x2  
  37  3:44  Supply Depot  
  37  3:48  Medivac  
  39  3:49  Marine x2  
  39  3:51  SCV x2  
  43  4:01  Supply Depot  
  43  4:03  SCV  
  43  4:04  SCV  
  40  4:21  Marine x2  
  40  4:22  Marine  
  42  4:27  Siege Tank  
  42  4:28  SCV x2  
  42  4:29  Starport Reactor  
  47  4:32  Engineering Bay  
  47  4:35  Engineering Bay  
  47  4:39  Marine x3  
  50  4:45  SCV  
  50  4:46  SCV  
  50  4:52  Stimpack  
  52  4:55  Barracks  
  52  4:58  SCV x2  
  54  5:03  Refinery, Marine x3  
  57  5:18  Terran Infantry Weapons Level 1  
  57  5:19  Terran Infantry Armor Level 1  
  57  5:20  Marine  
  57  5:21  Supply Depot, Marine  
  59  5:24  SCV x2  
  59  5:26  Refinery  
  61  5:30  Marine  
  62  5:40  Barracks  
  62  5:42  Marine x2  
  64  5:43  SCV x2  
  64  5:45  Barracks  
  64  5:46  Supply Depot  
  66  5:55  SCV x2  
  68  5:57  Medivac  
  70  6:06  Supply Depot  
  70  6:07  Medivac  
  70  6:09  Marine x3  
  77  6:16  Barracks Reactor  
  75  6:19  Supply Depot  
  75  6:24  Siege Tank  
  78  6:29  Barracks Reactor  
  78  6:33  Barracks Reactor  
  78  6:46  Supply Depot  
  78  6:48  Supply Depot, Command Center  
  78  6:51  Marine x4  
  78  6:52  Armory  
  78  6:53  Marine  
  83  6:55  Combat Shields  
  83  6:59  SCV x2  
  85  7:07  Siege Tank  
  88  7:10  Medivac x2  
  88  7:12  Supply Depot  
  92  7:17  Supply Depot  
  92  7:24  Marine x5  
  92  7:25  Marine  
  98  7:34  Marine x3  
  101  7:40  Medivac x2  
  105  7:44  SCV  
  105  7:45  Marine x3, SCV  
  105  7:46  Marine x3  
  113  7:51  Siege Tank  
  116  8:05  Supply Depot, Terran Infantry Weapons Level 2  
  116  8:07  Terran Infantry Armor Level 2  
  116  8:10  Supply Depot  
  116  8:12  Marine x3  
  117  8:13  Marine x2  
  117  8:16  Marauder  
  123  8:26  Siege Tank  
  126  8:29  Supply Depot  
  126  8:30  Marine  
  126  8:31  Marine x5  
  132  8:36  Marine x2  
  132  8:37  Marine  
  135  8:46  Orbital Command  
  135  8:54  Marine x5  
  135  8:55  Marine x2  
  142  8:57  Marine  
  143  9:06  Marine  
  143  9:09  Siege Tank  
  147  9:13  Supply Depot  
  147  9:20  Marine x7  
  147  9:21  Marine  
  155  9:34  SCV x2  
  155  9:35  SCV  
  155  9:38  Supply Depot  
  157  9:46  Marine x6, Liberator x2  
  157  9:47  Marine x2  
  165  10:01  Supply Depot  
  165  10:05  Concussive Shells  
  173  10:07  Marauder  
  173  10:10  Marine x7  
  173  10:11  Marine  
  181  10:23  Siege Tank  
  181  10:27  Supply Depot  
  184  10:28  Terran Infantry Weapons Level 3  
  184  10:34  Terran Infantry Armor Level 3  
  184  10:37  Liberator  
  184  10:38  Liberator  
  184  10:48  Supply Depot  
  184  10:55  Siege Tank  
  193  11:17  Terran Ship Weapons Level 1  
  193  11:20  Liberator x2  
  89  12:02  Marine  
  89  12:03  Marine x8  
  87  12:12  Liberator x2  
  87  12:20  Marine  
  87  12:21  Marine x8  
  102  12:38  Marine  
  102  12:39  Marine x8  
  102  12:42  Starport  
  111  12:48  Refinery  
  111  12:49  Refinery  
  111  12:51  Command Center  
  111  12:56  Marine x3  
  111  12:57  Marine x3, Liberator  
  111  12:58  Liberator  
  123  13:30  Starport  
  123  13:33  Marine  
  124  13:34  Marine x8  
  132  13:51  Marine  
  132  13:52  Marine x2  
  117  14:17  Marine  
  117  14:18  Marine x6  
  117  14:22  Marine x2  
  126  14:35  Marine x2  
  126  14:36  Marine x3  
  131  14:40  Liberator x2  
  131  14:59  Marine x4  
  143  15:00  Marine  
  143  15:01  Starport Reactor  
  143  15:04  Starport Reactor  
  136  15:25  Marine x7  
  136  15:26  Marine x2  
  144  15:43  Marine x9  
  153  15:54  Medivac x2  
  153  15:55  Medivac x3  
  161  16:00  Marine  
  161  16:01  Marine x8  
Show
View Real Time Build Order
Export as new Build Order

A.I. 1 (Elite) Zerg 

Build Orders: Pool First 

Get SALT Encoding   

  12  0:00  Drone  
  13  0:12  Overlord  
  13  0:17  Drone  
  14  0:30  Drone  
  15  0:39  Spawning Pool  
  15  0:40  Drone  
  15  0:45  Drone  
  15  0:49  Drone  
  17  0:52  Extractor  
  17  0:55  Drone  
  17  1:06  Drone  
  18  1:17  Drone  
  19  1:27  Queen  
  19  1:28  Zergling x2  
  19  1:29  Roach Warren  
  21  1:38  Overlord  
  21  1:49  Drone  
  22  1:59  Overlord  
  22  2:11  Roach  
  24  2:21  Roach  
  26  2:28  Hatchery  
  25  2:32  Drone  
  25  2:34  Roach  
  25  2:35  Drone  
  28  2:42  Roach  
  30  2:47  Roach  
  32  2:54  Roach  
  34  3:05  Overlord  
  34  3:06  Roach  
  34  3:09  Roach  
  38  3:24  Roach  
  40  3:27  Roach  
  42  3:38  Overlord, Roach x2  
  42  3:40  Roach  
  48  3:49  Roach  
  48  3:53  Zergling x2  
  51  4:06  Lair  
  50  4:22  Zergling x2  
  45  4:27  Extractor  
  45  4:28  Extractor, Drone  
  36  4:32  Drone  
  36  4:36  Drone  
  36  4:39  Drone  
  36  4:42  Drone  
  38  4:46  Drone  
  38  4:50  Drone  
  40  4:53  Drone  
  40  4:57  Drone  
  42  5:01  Drone  
  42  5:03  Drone  
  42  5:07  Drone  
  45  5:08  Hydralisk Den  
  45  5:11  Drone  
  46  5:14  Drone  
  46  5:17  Drone  
  46  5:20  Drone  
  48  5:24  Drone  
  48  5:26  Drone  
  50  5:29  Drone  
  50  5:32  Drone  
  52  5:36  Overlord  
  52  5:40  Drone  
  52  5:42  Drone  
  54  5:45  Hydralisk, Drone x2  
  58  5:54  Hydralisk  
  58  5:55  Drone  
  61  6:01  Overlord  
  61  6:04  Hydralisk  
  63  6:11  Hydralisk  
  63  6:16  Drone  
  63  6:17  Drone x2  
  68  6:19  Overlord  
  68  6:23  Drone  
  69  6:27  Drone  
  70  6:33  Drone  
  70  6:37  Evolution Chamber  
  70  6:38  Drone  
  71  6:44  Drone  
  72  6:47  Hatchery  
  72  6:48  Zergling x2, Roach, Drone  
  72  6:49  Overlord  
  75  6:55  Drone  
  75  7:00  Roach  
  78  7:04  Zerg Ground Armor Level 1  
  78  7:06  Zergling x2  
  79  7:08  Evolution Chamber  
  79  7:09  Ravager  
  79  7:11  Drone  
  80  7:16  Overlord  
  80  7:18  Ravager, Overseer  
  80  7:19  Hydralisk  
  80  7:20  Zergling x2, Roach  
  80  7:21  Spire  
  86  7:22  Zergling x2  
  86  7:27  Drone  
  87  7:33  Roach, Metabolic Boost  
  87  7:34  Zerg Missile Weapons Level 1  
  89  7:37  Overlord  
  89  7:43  Hydralisk  
  91  7:45  Evolution Chamber  
  91  7:49  Roach  
  92  7:54  Extractor  
  91  7:59  Spine Crawler, Glial Reconstitution, Drone x4  
  91  8:00  Drone  
  91  8:03  Drone  
  96  8:09  Drone  
  96  8:10  Drone  
  96  8:11  Zerg Melee Weapons Level 1  
  98  8:14  Drone  
  99  8:20  Overlord, Drone  
  99  8:24  Spine Crawler, Drone x3  
  99  8:25  Drone  
  103  8:31  Drone x2  
  105  8:34  Queen  
  105  8:36  Drone  
  108  8:41  Overlord  
  108  8:42  Drone  
  108  8:44  Queen  
  108  8:47  Drone  
  112  8:52  Baneling Nest, Drone  
  112  8:53  Drone  
  112  8:55  Infestation Pit, Zergling x2, Drone x2  
  115  8:58  Hatchery, Mutalisk  
  115  9:03  Overlord  
  115  9:04  Drone  
  115  9:09  Drone  
  117  9:13  Zerg Ground Armor Level 2  
  117  9:14  Mutalisk, Drone  
  120  9:19  Mutalisk  
  122  9:24  Overlord  
  122  9:25  Mutalisk  
  124  9:31  Extractor  
  124  9:33  Extractor, Infestor  
  124  9:35  Baneling  
  124  9:36  Spore Crawler  
  123  9:40  Spore Crawler  
  123  9:41  Zergling x10  
  121  9:46  Zergling x4  
  121  9:50  Zergling x2, Mutalisk  
  121  9:51  Zergling x4  
  128  9:55  Mutalisk  
  128  9:56  Overlord, Drone x2  
  128  9:58  Drone  
  133  10:02  Baneling x4  
  133  10:03  Baneling x3, Drone  
  133  10:04  Baneling x2  
  133  10:05  Baneling  
  133  10:06  Baneling  
  134  10:07  Zergling x2  
  134  10:08  Zergling x2, Baneling  
  134  10:09  Zergling x2, Baneling  
  134  10:11  Baneling  
  134  10:12  Zergling x2  
  134  10:13  Zergling x4, Baneling  
  141  10:14  Zergling x2  
  141  10:18  Overlord, Baneling  
  141  10:19  Zergling x2, Baneling x2  
  141  10:20  Zergling x2, Baneling  
  143  10:21  Extractor  
  143  10:22  Zergling x2, Drone x2  
  143  10:24  Drone  
  143  10:25  Drone x2  
  143  10:26  Drone  
  149  10:29  Drone  
  149  10:30  Centrifical Hooks  
  149  10:31  Drone  
  151  10:37  Overlord, Zerg Melee Weapons Level 2  
  151  10:50  Spine Crawler  
  151  10:52  Spine Crawler, Drone  
  151  10:54  Drone  
  151  10:56  Queen  
  153  11:03  Overlord  
  153  11:05  Infestor  
  155  11:12  Extractor  
  155  11:14  Drone  
  155  11:23  Spine Crawler, Infestor, Drone  
  155  11:24  Overlord  
  157  11:25  Spore Crawler  
  157  11:27  Drone  
  157  11:31  Infestor  
  159  11:33  Hive  
  159  11:39  Zerg Missile Weapons Level 2  
  159  11:49  Spine Crawler  
  159  11:50  Drone  
  159  11:52  Baneling, Spore Crawler  
  159  11:53  Zergling x2, Drone  
  159  11:54  Zergling x2, Spore Crawler  
  154  11:55  Zergling x4, Drone  
  154  11:57  Zergling x2  
  154  12:01  Zergling x4, Mutalisk  
  138  12:02  Mutalisk x2  
  138  12:03  Hydralisk  
  134  12:12  Infestor, Hydralisk  
  134  12:14  Baneling x2  
  134  12:15  Baneling x2, Hydralisk  
  119  12:16  Roach  
  119  12:19  Zergling x2, Baneling, Roach  
  122  12:27  Spine Crawler  
  122  12:28  Drone  
  122  12:29  Spine Crawler  
  121  12:31  Drone  
  121  12:36  Hatchery  
  121  12:38  Drone  
  122  12:46  Zerg Ground Armor Level 3  
  122  12:49  Ultralisk Cavern  
  122  12:50  Drone  
  122  13:09  Spore Crawler  
  122  13:10  Drone  
  122  13:11  Spore Crawler  
  122  13:12  Drone  
  122  13:13  Spine Crawler  
  122  13:15  Drone  
  122  13:32  Lair, Infestor  
  122  13:33  Zerg Melee Weapons Level 3  
  124  13:34  Infestor  
  124  13:36  Ultralisk x3  
  124  13:37  Ultralisk  
  124  13:40  Spore Crawler  
  150  13:41  Drone  
  150  13:42  Spine Crawler  
  150  13:43  Drone  
  150  13:44  Spore Crawler  
  150  13:45  Drone  
  150  13:47  Queen  
  152  13:54  Overseer  
  152  13:57  Baneling, Drone x2  
  152  13:58  Drone x2  
  152  13:59  Drone x2  
  152  14:00  Corruptor, Drone x2  
  152  14:01  Ultralisk, Corruptor  
  152  14:02  Overseer  
  161  14:04  Hydralisk  
  161  14:07  Extractor, Hydralisk, Drone  
  161  14:08  Hydralisk  
  150  14:11  Roach, Drone x3  
  150  14:12  Zergling x2, Drone  
  150  14:13  Hydralisk  
  150  14:15  Zergling x2  
  141  14:19  Roach  
  141  14:20  Drone  
  141  14:23  Drone  
  129  14:26  Roach  
  123  14:35  Zergling x2  
  123  14:38  Hatchery  
  92  14:43  Zergling x2  
  76  14:48  Roach  
  76  14:50  Roach  
  66  14:53  Roach  
  66  14:56  Roach  
  66  15:01  Hydralisk  
  66  15:06  Zergling x2  
  50  15:24  Zergling x2  
  50  15:27  Roach  
  50  15:28  Roach  
  46  15:30  Hydralisk, Roach  
  46  15:31  Roach  
  46  15:45  Zergling x2  
  46  15:48  Zergling x2  
  44  15:55  Roach  
  31  16:04  Roach  
  31  16:05  Roach  
  31  16:07  Zergling x2  
  30  16:11  Zergling x2  
  30  16:18  Hatchery  
  21  16:36  Zergling x2  
  22  16:40  Zergling x2  
  23  16:47  Roach Warren  
  23  16:50  Overlord  
Tags
 
Add a new tag
Caveats
  • Supply blocks, unpowered buildings, or Contaminate may cause inaccurate times.
  • Supply counts are checked every 10 seconds.